 Dungeon Crawl Stone Soup version 0.30.1-11-g7821555f0a (webtiles) character file.

Game seed: 13809077981569160247

1197 PaiMei the Grave Robber (level 8, -5/61 HPs)
             Began as a Demonspawn Necromancer on Jan 5, 2024.
             Slain by Menkaure (19 damage)
             ... on level 5 of the Dungeon.
             The game lasted 00:04:53 (5659 turns).

PaiMei the Grave Robber (Demonspawn Necromancer)    Turns: 5659, Time: 00:04:54

Health: -5/61      AC:  3    Str:  9    XL:     8   Next: 20%
Magic:  0/15       EV: 13    Int: 21    God:
Gold:   325        SH:  0    Dex: 13    Spells: 8/16 levels left

rFire   . . .        o - +3 dagger (drain)
rCold   . . .        (no shield)
rNeg    . . .        a - +0 robe
rPois   .            (no helmet)
rElec   .            (no cloak)
rCorr   .            (no gloves)
SInv    .            w - +0 pair of boots
Will    .....        (no amulet)
Stlth   ++           (no ring)
HPRegen 0.30/turn    (no ring)
MPRegen 0.28/turn

%: guardian spirit
@: no status effects
A: hooves 1, foul stench 1, magic shield, magic regeneration, big brain 1
a: no special abilities


You were on level 5 of the Dungeon.
You visited 1 branch of the dungeon, and saw 5 of its levels.

You collected 325 gold pieces.

Inventory:

Hand Weapons
 e - a +0 short sword
 o - a +3 dagger of draining (weapon)
 A - a +1 whip of flaming
Missiles
 v - 5 poisoned darts (quivered)
Armour
 a - a +0 robe (worn)
 w - a +0 pair of boots (worn)
Jewellery
 d - a +6 ring of strength
 x - a +4 ring of protection
 C - a +6 ring of intelligence
Wands
 y - a wand of polymorph (4)
 z - a wand of quicksilver (6)
Scrolls
 c - a scroll of silence {unknown}
 f - 3 scrolls of fog {unknown}
 i - 3 scrolls of teleportation {unknown}
 j - a scroll of magic mapping {unknown}
 l - 2 scrolls of immolation {unknown}
 n - a scroll of fear {unknown}
 p - 2 scrolls of enchant armour {unknown}
 q - 2 scrolls of identify {unknown}
 r - a scroll of poison {unknown}
 s - 2 scrolls of amnesia {unknown}
 u - a scroll of brand weapon {unknown}
Potions
 b - 2 potions of magic
 g - 3 potions of curing {unknown}
 h - a potion of mutation {unknown}
 k - a potion of attraction {unknown}
 m - 2 potions of flight {unknown}
 t - a potion of cancellation {unknown}
 B - a potion of lignification {unknown}


   Skills:
 + Level 4.5 Fighting
 + Level 4.7 Dodging
 - Level 2.0 Stealth
 + Level 4.8 Spellcasting
 + Level 6.9 Necromancy


You had 8 spell levels left.
You knew the following spells:

 Your Spells              Type           Power      Damage    Failure   Level
a - Necrotise             Necr           100%       1d9       1%          1
b - Vampiric Draining     Necr           34%        2d8       1%          3
c - Animate Dead          Necr           34%        N/A       6%          4

Your spell library contained the following spells:

 Spells                   Type           Power      Damage    Failure   Level
 Freeze                   Ice            20%        1d4       11%         1
 Ensorcelled Hibernation  Hex/Ice        10%        N/A       17%         2
 Agony                    Necr           34%        N/A       17%         5
 Anguish                  Hex/Necr       9%         N/A       26%         4
 Frozen Ramparts          Ice            10%        1d2       32%         3
 Hailstorm                Conj/Ice       5%         3d4       32%         3
 Spider Form              Tmut/Pois      5%         N/A       32%         3
 Flame Wave               Conj/Fire      5%         2d5       73%         4
 Irradiate                Conj/Tmut      2%         3d12      97%         5


Dungeon Overview and Level Annotations

Branches:
Dungeon (5/15)
 Temple: D:4-7

Altars:

Shops:
D:3 (

Annotations:
D:5 Menkaure


Innate Abilities, Weirdness & Mutations

You have large cloven feet.
You may rarely emit foul miasma when damaged in melee.
When hurt, damage is shared between your health and your magic reserves.
You regenerate magic rapidly.
You have an unusually large brain. (Int +2)


Message History

Found a club.
Menkaure, Prince of Dust comes into view.
Menkaure casts a spell.
Menkaure seems to speed up.
Menkaure rustles a few words.
Menkaure misses you.
You hit Menkaure.
Menkaure is lightly damaged.
Menkaure closely misses you. Menkaure hits you!
You hit Menkaure.
Menkaure is moderately damaged.
Menkaure calls on the powers of darkness!
Your body is wracked with pain!
You hit Menkaure.
Menkaure is moderately damaged.
Menkaure hits you!
You hit Menkaure. You punch Menkaure, but do no damage.
Menkaure is heavily damaged.
Menkaure closely misses you.
You hit Menkaure but do no damage.
Menkaure is heavily damaged.
Menkaure casts a spell at you.
You struggle to resist.
You hit Menkaure.
Menkaure is heavily damaged.
Menkaure barely misses you. Menkaure closely misses you.
You barely miss Menkaure.
Menkaure is heavily damaged.
Menkaure closely misses you.
You hit Menkaure.
Menkaure is severely damaged.
Menkaure hits you!
* * * LOW HITPOINT WARNING * * *
You hit Menkaure but do no damage.
Menkaure is severely damaged.
Menkaure misses you.
You hit Menkaure but do no damage.
Menkaure is severely damaged.
Menkaure hits you!!
You die...

#...##.#.# #.# #.#.##.#.# #.#
#.#.##.#.# #.# #.#.##.#.#
###.# #.#.##.#.##########....
#.#.##.#...............
.#######.........#########....
.................# #....
##########.##@#### ###....
#.##M# ######......
#.#.....M.....)...#.#. ##
##............#.###
################


You could see Menkaure (fast).

Vanquished Creatures
  Pikel (D:5)
  Prince Ribbit (D:5)
  2 black bears (D:5)
  An ogre (D:5)
  A jelly (D:5)
  A hound (D:4)
  An orc priest (D:5)
  Jessica (D:2)
  Ijyb (D:5)
  2 iguanas (D:5)
  3 adders
  A worm (D:2)
  2 dart slugs
  10 orcs
  4 ball pythons
  8 endoplasms
  2 giant cockroaches (D:2)
  6 goblins
  4 hobgoblins
  9 jackals
  5 kobolds
  3 bats
  2 frilled lizards
  5 rats
76 creatures vanquished.

Vanquished Creatures (collateral kills)
  2 jackals
2 creatures vanquished.

Grand Total: 78 creatures vanquished

Notes
Turn   | Place    | Note
-------+----------+-------------------------------------------
     0 | D:1      | PaiMei the Demonspawn Necromancer began the quest for the
                  | Orb.
     0 | D:1      | Reached XP level 1. HP: 13/13 MP: 3/3
   370 | D:1      | Gained mutation: You have large cloven feet. [demonic
                  | ancestry]
   370 | D:1      | Reached XP level 2. HP: 19/19 MP: 1/5
  1014 | D:2      | Noticed Jessica
  1074 | D:2      | Killed Jessica
  1075 | D:2      | Reached skill level 1 in Fighting
  1075 | D:2      | Gained mutation: You may rarely emit foul miasma when
                  | damaged in melee. [demonic ancestry]
  1075 | D:2      | Reached XP level 3. HP: 26/26 MP: 2/6
  1733 | D:2      | Got Lilic's Incunable of the Barrage
  1958 | D:2      | Gained mutation: You have an unusually large brain. (Int
                  | +2) [demonic ancestry]
  1958 | D:2      | Reached XP level 4. HP: 32/32 MP: 5/7
  2300 | D:2      | You fall into a shaft and drop 1 floor!
  2630 | D:3      | Reached skill level 5 in Necromancy
  2836 | D:3      | Found Bic Nidgh's Weapon Emporium.
  3260 | D:4      | Reached XP level 5. HP: 27/38 MP: 5/9
  4294 | D:5      | Entered Level 5 of the Dungeon
  4294 | D:5      | Noticed a lemure
  4294 | D:5      | Noticed a lemure
  4294 | D:5      | Noticed a lemure
  4375 | D:5      | Learned a level 3 spell: Vampiric Draining
  4380 | D:5      | Learned a level 4 spell: Animate Dead
  4389 | D:5      | Noticed a black bear
  4398 | D:5      | HP: 1/38 [black bear (6)]
  4399 | D:5      | Killed a black bear
  4400 | D:5      | Gained mutation: You regenerate magic rapidly. [demonic
                  | ancestry]
  4400 | D:5      | Reached XP level 6. HP: 1/46 MP: 1/11
  4570 | D:5      | Noticed Pikel
  4613 | D:5      | Noticed Ijyb
  4621 | D:5      | Killed Ijyb
  4735 | D:5      | Killed Pikel
  4736 | D:5      | Reached skill level 6 in Necromancy
  4736 | D:5      | Gained mutation: When hurt, damage is shared between your
                  | health and your magic reserves. [demonic ancestry]
  4736 | D:5      | Reached XP level 7. HP: 22/53 MP: 2/13
  5221 | D:5      | Reached XP level 8. HP: 59/60 MP: 5/14
  5348 | D:5      | Noticed Prince Ribbit
  5354 | D:5      | Killed Prince Ribbit
  5645 | D:5      | Noticed Menkaure
  5659 | D:5      | Slain by Menkaure

Illustrated notes

Levels and vault maps discovered:
D:1:      ebering_trefoil_3fold, layout_basic
D:2:      layout_loops_cross, kennysheep_potato, uniq_jessica
D:3:      layout_basic, serial_shops, shop
D:4:      layout_loops_ring, serial_co_window_serial, co_window_paths_a,
          co_window_corner_a, co_window_corner_a, co_window_corner_a,
          co_window_corner_a, co_window_paths_a, co_window_paths_a,
          co_window_corner_ca, co_window_paths_c, co_window_2corner,
          co_window_broadway_a, co_window_cross_4, glass_columns_a
D:5:      layout_loops_ring, uniq_menkaure, uniq_ijyb, uniq_prince_ribbit1,
          uniq_pikel

Skill      XL: |  1  2  3  4  5  6  7 |
---------------+----------------------+-----
Dodging        | 2 3 4 |  4.7
Stealth        | 2 |  2.0
Fighting       | 1 2 3 4 |  4.5
Necromancy     | 5 6 |  6.9
Spellcasting   | 3 4 |  4.8

Action                     |  1- 3 |  4- 6 |  7- 9 || total
---------------------------+-------+-------+-------++-------
  Melee: Unarmed           |     9 |       |       ||     9
         Short sword       |     3 |       |       ||     3
         Punch             |     1 |       |     1 ||     2
         Dagger            |     1 |    30 |    18 ||    49
         Kick              |     1 |     1 |       ||     2
   Cast: Necrotise         |    55 |    69 |    24 ||   148
         Vampiric Draining |       |     8 |     6 ||    14
 Armour: Robe              |     1 |     9 |     2 ||    12
  Dodge: Dodged            |    21 |    31 |    20 ||    72
